 Dungeon Crawl Stone Soup version 0.19.4-8-ga85b6b9 (webtiles) character file.

115 empire the Digger (level 5, -4/29 HPs)
             Began as a Gargoyle Earth Elementalist on Feb 10, 2017.
             Was an Initiate of Sif Muna.
             Slain by empire's ghost (19 damage)
             ... on level 3 of the Dungeon.
             The game lasted 00:05:39 (2185 turns).

empire the Digger (Gargoyle Earth Elementalist)     Turns: 2185, Time: 00:05:40

Health: -4/29      AC:  7    Str: 12    XL:     5   Next: 0%
Magic:  5/9        EV: 11    Int: 16    God:    Sif Muna [......]
Gold:   118        SH:  0    Dex: 10    Spells: 3 memorised, 3 levels left

rFire  . . .     SeeInvis .     b - 86 stones
rCold  . . .     Gourm    .     h - +0 leather armour
rNeg   + . .     Faith    .     (no shield)
rPois  ∞         Spirit   .     (no helmet)
rElec  +         Reflect  .     (no cloak)
rCorr  .         Harm     .     (no gloves)
MR     .....                    (no boots)
Stlth  ++........               (no amulet)
                                (no ring)
                                (no ring)

@: no status effects
A: negative energy resistance 1, electricity resistance, unbreathing,
petrification resistance, rot immunity, AC +4
a: Renounce Religion


You were on level 3 of the Dungeon.
You worshipped Sif Muna.
Sif Muna was noncommittal.
You were hungry.

You visited 1 branch of the dungeon, and saw 3 of its levels.

You collected 118 gold pieces.

Inventory:

Hand Weapons
 a - a +0 dagger
 f - a +0 quarterstaff
 g - a +0 hand axe
 l - a +0 short sword
 v - a +0 spear
Missiles
 b - 86 stones (in hand)
Armour
 h - a +0 leather armour (worn)
 j - a +0 scale mail
 q - a +0 ring mail
 s - a +0 scale mail
Scrolls
 c - 3 scrolls of recharging {unknown}
 i - a scroll of identify {unknown}
 n - a scroll of enchant armour {unknown}
 o - 2 scrolls of remove curse {unknown}
 u - 5 scrolls of teleportation {unknown}
 y - 2 scrolls of random uselessness {unknown}
Potions
 m - a potion of agility {unknown}
 p - a potion of resistance {unknown}
 r - a potion of berserk rage {unknown}
 x - a potion of degeneration {unknown}
 z - a potion of curing {unknown}
Books
 e - a book of Geomancy

   Spells                             Type                      Level
   a - Sandblast                      Earth                        1
   b - Passwall                       Transmutation/Earth          2
   c - Stone Arrow                    Conjuration/Earth            3
   d - Petrify                        Transmutation/Earth          4
   e - Lee's Rapid Deconstruction     Earth                        5
 w - a book of Minor Magic

   Spells                             Type                      Level
   a - Magic Dart                     Conjuration                  1
   b - Blink                          Translocation                2
   c - Call Imp                       Summoning                    2
   d - Repel Missiles                 Charms/Air                   2
   e - Slow                           Hexes                        2
   f - Conjure Flame                  Conjuration/Fire             3
   g - Mephitic Cloud                 Conjuration/Poison/Air       3
Comestibles
 d - 2 bread rations
 k - 2 meat rations
 t - 4 chunks of flesh


   Skills:
 + Level 1.3 Fighting
 + Level 2.1 Armour
 - Level 1.5 Dodging
 - Level 2.1 Stealth
 + Level 2.6 Spellcasting
 + Level 1.0 Conjurations
 + Level 1.2 Transmutations
 + Level 4.6 Earth Magic


You had 3 spell levels left.
You knew the following spells:

 Your Spells              Type           Power        Failure   Level  Hunger
a - Sandblast             Erth           ###...       4%          1    #......
b - Passwall              Tmut/Erth      ##........   12%         2    ##.....
c - Stone Arrow           Conj/Erth      ##....       24%         3    ###....


Dungeon Overview and Level Annotations

Branches:
Dungeon (3/15)

Altars:
Cheibriados
Dithmenos
Okawaru
Sif Muna
Uskayaw
Xom

Annotations:
D:3 empire's ghost, amateur MiFi


Innate Abilities, Weirdness & Mutations

You are resistant to torment.
Your stone body is resilient. (AC +4)
You are immune to poison.
You resist negative energy. (rN+)
You are resistant to electric shocks. (rElec)
You can survive without breathing.
You are immune to petrification.
You are immune to rotting.


Message History

Empire's ghost hits you but does no damage.
Casting: Sandblast
Confirm with . or Enter, or press ? or * to list all spells.
Aiming: Sandblast
Press: ? - help, Shift-Dir - straight line, f/p - empire's ghost
Aim: empire's ghost (lightly damaged)
The rocky blast hits empire's ghost.
Empire's ghost is moderately damaged.
Empire's ghost hits you.
Casting: Sandblast
Confirm with . or Enter, or press ? or * to list all spells.
Aiming: Sandblast
Press: ? - help, Shift-Dir - straight line, f/p - empire's ghost
Aim: empire's ghost (moderately damaged)
The rocky blast hits empire's ghost.
Empire's ghost is moderately damaged.
Empire's ghost screams, "Don't try to defend!
You have no chance!"
Empire's ghost hits you!!
Ouch! That really hurt!
You die...

.. #$# #.# #######.#
###.......# ..........#
##.......####
#...........#
#@....(..##.####..
......W.........#.......
....##########..#.#####.
.. ###.....######
..............
#.............
#.###.##.####. .
#.......# #.
##....#.###.


You could see empire's ghost.

Vanquished Creatures
  7 adders
  3 worms (D:2)
  A dart slug (D:3)
  2 leopard geckos (D:2)
  An orc (D:3)
  3 giant cockroaches
  4 goblins
  4 hobgoblins
  3 jackals (D:2)
  A quokka (D:2)
  6 bats
  5 kobolds
  2 rats (D:2)
42 creatures vanquished.

Notes
Turn   | Place    | Note
-------+----------+-------------------------------------------
     0 | D:1      | empire the Gargoyle Earth Elementalist began the quest for the Orb.
     0 | D:1      | Reached XP level 1. HP: 10/10 MP: 3/3
   142 | D:1      | Reached skill level 4 in Earth Magic
   146 | D:1      | Reached XP level 2. HP: 16/16 MP: 0/5
   692 | D:2      | Reached skill level 1 in Armour
   692 | D:2      | Reached XP level 3. HP: 19/20 MP: 1/6
   745 | D:2      | Learned a level 2 spell: Passwall
   749 | D:2      | Learned a level 3 spell: Stone Arrow
   919 | D:2      | Reached skill level 1 in Transmutations
  1322 | D:2      | Reached XP level 4. HP: 24/24 MP: 3/7
  1606 | D:2      | Found a deep blue altar of Sif Muna.
  1607 | D:2      | Found an iron altar of Okawaru.
  1607 | D:2      | Found a shimmering altar of Xom.
  1607 | D:2      | Found a shadowy altar of Dithmenos.
  1641 | D:2      | Found a snail-covered altar of Cheibriados.
  1642 | D:2      | Found a hide-covered altar of Uskayaw.
  1658 | D:2      | Became a worshipper of Sif Muna the Loreminder
  1769 | D:2      | Reached skill level 1 in Fighting
  2087 | D:3      | Reached skill level 1 in Conjurations
  2156 | D:3      | Reached XP level 5. HP: 29/29 MP: 5/9
  2178 | D:3      | Noticed empire's ghost (amateur MiFi)
  2185 | D:3      | Slain by empire's ghost

Skill      XL: |  1  2  3  4 |
---------------+-------------+-----
Earth Magic    | 4 |  4.6
Armour         | 1 2 |  2.1
Transmutations | 1 |  1.2
Fighting       | 1 |  1.3
Conjurations   | 1 |  1.0
Dodging        | |  1.5
Stealth        | |  2.1
Spellcasting   | |  2.6

Action                   |  1- 3 |  4- 6 || total
-------------------------+-------+-------++-------
Melee: Dagger            |    49 |     9 ||    58
 Cast: Sandblast         |    31 |    32 ||    63
  Eat: Chunk             |     2 |     2 ||     4
Armor: Robe              |     4 |       ||     4
       Leather armour    |     8 |    18 ||    26
Dodge: Dodged            |    39 |    25 ||    64
